 Dungeon Crawl Stone Soup version 0.29.1-4-g47bece8355 (webtiles) character file.

Game seed: 13872149504547076579

12710 venomsnake the Fighter (level 11, -1/105 HPs)
             Began as a Minotaur Berserker on Dec 11, 2022.
             Was an Elder of Trog.
             Slain by a quicksilver ooze (9 damage)
             ... on level 1 of the Lair of Beasts.
             The game lasted 00:41:13 (15154 turns).

venomsnake the Fighter (Minotaur Berserker)        Turns: 15154, Time: 00:41:14

Health: -1/105     AC: 16    Str: 26    XL:     11   Next: 66%
Magic:  2/10       EV: 10    Int:  4    God:    Trog [****..]
Gold:   634        SH:  0    Dex: 10    Spells: 10/10 levels left

rFire   + . .      SeeInvis .   s - +0 war axe
rCold   x . .      Faith    .   (no shield)
rNeg    . . .      Spirit   .   r - +1 plate armour {rPois}
rPois   +          Reflect  .   (helmet restricted)
rElec   .          Harm     .   (no cloak)
rCorr   +          Rampage  .   H - +0 pair of gloves
Will    .....                   (no boots)
Stlth   ..........              u - amulet of the acrobat
HPRegen 0.27/turn               v - ring of resist corrosion
MPRegen 0.12/turn               F - ring of fire

@: engulfed (cannot breathe)
A: horns 2, retaliatory headbutt
a: Renounce Religion, Berserk, Trog's Hand, Brothers in Arms


You were on level 1 of the Lair of Beasts.
You worshipped Trog.
Trog was greatly pleased with you.
You visited 2 branches of the dungeon, and saw 12 of its levels.

You collected 664 gold pieces.
You spent 30 gold pieces at shops.

Inventory:

Hand Weapons
 s - a +0 war axe (weapon)
Missiles
 h - 76 stones (quivered)
 J - 3 throwing nets
Armour
 r - a +1 plate armour of poison resistance (worn)
 H - a +0 pair of gloves (worn)
Jewellery
 u - an amulet of the acrobat (around neck)
 v - a ring of resist corrosion (left hand)
 F - a ring of fire (right hand)
 I - a +6 ring of dexterity
Wands
 m - a wand of roots (12)
 C - a wand of polymorph (7)
 E - a wand of mindburst (6)
Scrolls
 a - 2 scrolls of enchant armour {unknown}
 b - 2 scrolls of blinking
 g - 7 scrolls of butterflies
 j - 2 scrolls of vulnerability {unknown}
 n - a scroll of fear {unknown}
 o - 3 scrolls of enchant weapon {unknown}
 p - 2 scrolls of teleportation
 q - 2 scrolls of noise
 t - 2 scrolls of magic mapping {unknown}
 y - 6 scrolls of identify
 z - 4 scrolls of immolation {unknown}
 A - 2 scrolls of amnesia {unknown}
Potions
 c - a potion of mutation {unknown}
 d - 7 potions of curing
 e - 2 potions of attraction {unknown}
 f - 4 potions of might
 i - a potion of lignification {unknown}
 k - 5 potions of heal wounds
 l - 2 potions of haste {unknown}
 w - a potion of ambrosia {unknown}
 x - a potion of resistance {unknown}
 B - a potion of brilliance {unknown}
 D - a potion of degeneration {unknown}
 G - a potion of berserk rage {unknown}


   Skills:
 * Level 12.6 Fighting
 * Level 12.5 Axes
 + Level 8.8 Armour
 + Level 8.3 Dodging
 + Level 6.3 Evocations


You had 10 spell levels left.
You didn't know any spells.
Your spell library was empty.

Dungeon Overview and Level Annotations

Branches:
Dungeon (11/15)            Temple (0/1) D:7            Lair (1/5) D:11
    Orc: D:9-12

Altars:
Cheibriados
Nemelex Xobeh
Sif Muna
Trog
Uskayaw
Wu Jian

Shops:
D:6 [?   D:8 :

Annotations:
D:11 exclusion: obsidian statue


Innate Abilities, Weirdness & Mutations

You have a pair of horns on your head.
You reflexively headbutt those who attack you in melee.


Message History

The quicksilver ooze hits you. The quicksilver ooze hits you!
You feel your power leaking away.
You closely miss the quicksilver ooze.
Your headbutt misses the quicksilver ooze.
Your lungs strain for air!
The quicksilver ooze hits you. The quicksilver ooze barely misses you.
You closely miss the quicksilver ooze.
Your lungs strain for air!
The quicksilver ooze hits you.
The quicksilver ooze closely misses you.
The quicksilver ooze barely misses you. You furiously retaliate!
You headbutt the quicksilver ooze.
The quicksilver ooze hits you but does no damage.
You hit the quicksilver ooze but do no damage.
You headbutt the quicksilver ooze.
The quicksilver ooze is moderately wounded.
Your lungs strain for air!
The quicksilver ooze hits you!!
* * * LOW HITPOINT WARNING * * *
The quicksilver ooze hits you but does no damage.
The blink frog blinks!
Okay, then.
You cannot read scrolls while unable to breathe!
You closely miss the quicksilver ooze.
Your headbutt misses the quicksilver ooze.
The quicksilver ooze is lightly wounded.
* * * LOW HITPOINT WARNING * * *
Your lungs strain for air!
The quicksilver ooze hits you.
The quicksilver ooze hits you but does no damage.
You hit the quicksilver ooze but do no damage.
Your headbutt misses the quicksilver ooze.
The quicksilver ooze is lightly wounded.
* * * LOW HITPOINT WARNING * * *
Your lungs strain for air!
The quicksilver ooze hits you.
* * * LOW HITPOINT WARNING * * *
The quicksilver ooze hits you but does no damage.
The quicksilver ooze hits you. The quicksilver ooze hits you!
You die...

.§ #......#
#..####......##
#.............#
#.F...........#
#..###.††.....##
#. ##.........
##.........
#..JF...###
##.@....#
##......#
#.......#
##†.....#
#......#
#......#
...#...#
...##..# #...#
..#


You could see a quicksilver ooze and a blink frog.

Vanquished Creatures
  Harold (D:9)
  A hydra (D:10)
  4 two-headed ogres
  Amaemon (D:9)
  Pikel (D:4)
  A manticore (D:9)
  An orange demon (D:9)
  A kobold demonologist (D:11)
  A komodo dragon (Lair:1)
  2 hornets
  3 blink frogs (Lair:1)
  Sigmund (D:2)
  A vampire (D:11)
  A wyvern (D:9)
  Eustachio (D:5)
  6 yaks
  3 vampire mosquitoes (D:11)
  A water moccasin (D:9)
  An ice beast (D:7)
  2 orc warriors
  A sky beast (D:6)
  2 centaurs
  6 ogres
  3 phantoms
  4 bullfrogs
  A necrophage (D:6)
  A scorpion (D:5)
  3 wights (D:8)
  17 killer bees
  4 howler monkeys
  7 hounds
  4 jellies
  Crazy Yiuf (D:5)
  3 orc priests
  Jessica (D:2)
  Natasha (twice) (D:2)
  5 iguanas
  19 orc wizards
  12 gnolls
  7 adders
  3 shadow imps
  A white imp (D:6)
  A worm (D:3)
  4 dart slugs
  21 orcs
  10 ball pythons
  2 bats
  5 endoplasms
  6 giant cockroaches
  10 goblins
  5 hobgoblins
  6 jackals
  8 kobolds
  3 quokkas
  4 frilled lizards
  7 rats
233 creatures vanquished.

Vanquished Creatures (others)
  A plant (Lair:1)
1 creature vanquished.

Grand Total: 234 creatures vanquished

Notes
Turn   | Place    | Note
-------+----------+-------------------------------------------
     0 | D:1      | venomsnake the Minotaur Berserker began the quest for the
                  | Orb.
     0 | D:1      | Reached XP level 1. HP: 19/19 MP: 0/0
    67 | D:1      | Reached XP level 2. HP: 25/27 MP: 1/1
    78 | D:1      | Found a faded altar of an unknown god.
   506 | D:1      | Reached XP level 3. HP: 29/33 MP: 2/2
   852 | D:2      | Noticed Jessica
   856 | D:2      | Killed Jessica
   856 | D:2      | Reached ** piety under Trog
   931 | D:2      | Noticed Sigmund
   957 | D:2      | Killed Sigmund
   958 | D:2      | Reached skill level 5 in Fighting
   958 | D:2      | Reached skill level 5 in Axes
   958 | D:2      | Reached skill level 1 in Evocations
   958 | D:2      | Reached XP level 4. HP: 14/42 MP: 3/3
   958 | D:2      | Reached XP level 5. HP: 16/48 MP: 4/4
  2088 | D:2      | Noticed Natasha
  2097 | D:2      | Killed Natasha
  2098 | D:2      | Reached XP level 6. HP: 56/56 MP: 5/5
  2228 | D:2      | Noticed Natasha
  2241 | D:2      | Killed Natasha
  3768 | D:4      | You fall into a shaft and drop 1 floor!
  3768 | D:5      | Entered Level 5 of the Dungeon
  3773 | D:5      | Noticed Eustachio
  3798 | D:5      | Killed Eustachio
  3799 | D:5      | Reached XP level 7. HP: 52/63 MP: 6/6
  3811 | D:5      | Found an ornate altar of the Wu Jian Council.
  3867 | D:4      | Reached *** piety under Trog
  4198 | D:4      | Noticed Pikel
  4213 | D:4      | Killed Pikel
  4214 | D:4      | Reached skill level 5 in Armour
  4214 | D:4      | Reached XP level 8. HP: 50/73 MP: 7/7
  4853 | D:4      | Found a shimmering blue altar of Sif Muna.
  5080 | D:5      | Found a runed translucent door.
  5081 | D:5      | Noticed Crazy Yiuf
  5151 | D:5      | Reached skill level 5 in Dodging
  5965 | D:5      | Reached XP level 9. HP: 62/82 MP: 8/8
  6496 | D:5      | Killed Crazy Yiuf
  6883 | D:6      | Found a hide-covered altar of Uskayaw.
  7017 | D:6      | Found Maac's Magic Scroll Shop.
  7024 | D:6      | Bought a scroll of identify for 30 gold pieces
  7871 | D:6      | Found Efumejut's Antique Armour Shop.
  8321 | D:7      | Found a staircase to the Ecumenical Temple.
  8425 | D:7      | Found a bloodstained altar of Trog.
  8809 | D:7      | Found a sparkling altar of Nemelex Xobeh.
  8951 | D:7      | Found a snail-covered altar of Cheibriados.
  9105 | D:8      | Reached **** piety under Trog
  9717 | D:8      | Found Licwunim's Vocational Training.
  9803 | D:9      | Noticed Amaemon
  9812 | D:9      | Reached XP level 10. HP: 73/93 MP: 9/9
  9955 | D:9      | Reached skill level 10 in Fighting
 10036 | D:9      | Reached skill level 10 in Axes
 10368 | D:9      | Reached skill level 5 in Evocations
 10401 | D:9      | Noticed a manticore
 10405 | D:9      | Noticed Harold
 10625 | D:9      | Noticed an orange demon
 10646 | D:9      | Killed an orange demon
 10993 | D:9      | Killed a manticore
 11369 | D:9      | Killed Amaemon
 11922 | D:9      | Killed Harold
 12401 | D:10     | Entered Level 10 of the Dungeon
 12476 | D:10     | Reached XP level 11. HP: 102/102 MP: 10/10
 12511 | D:10     | Noticed a two-headed ogre
 12716 | D:10     | Killed a two-headed ogre
 12899 | D:10     | Noticed an eight-headed hydra
 12912 | D:10     | Killed a ten-headed hydra
 13239 | D:11     | Found a staircase to the Lair.
 13289 | D:11     | Noticed a two-headed ogre
 13299 | D:11     | Killed a two-headed ogre
 13318 | D:11     | Reached ***** piety under Trog
 14146 | D:11     | Noticed a two-headed ogre
 14157 | D:11     | Killed a two-headed ogre
 14433 | D:11     | Noticed a two-headed ogre
 14442 | D:11     | Killed a two-headed ogre
 14735 | D:11     | Noticed an obsidian statue
 15017 | Lair:1   | Entered Level 1 of the Lair of Beasts
 15126 | Lair:1   | Noticed a seven-headed hydra
 15144 | Lair:1   | Noticed a quicksilver ooze
 15144 | Lair:1   | a seven-headed hydra changed into a quicksilver ooze
 15154 | Lair:1   | Slain by a quicksilver ooze

Illustrated notes

Levels and vault maps discovered:
D:1:      heliophobic_arrival_battle_scene, layout_basic,
          hellmonk_ecumenical_altar_lost_god
D:2:      minmay_door_path, layout_basic, uniq_natasha, uniq_sigmund,
          uniq_jessica
D:3:      layout_loops_ring, portal_sewer_entry_c
D:4:      layout_rooms, led_sif_pool, uniq_pikel
D:5:      minmay_chambers_of_threes, layout_basic, nzn_wu_jian_council_hall,
          uniq_crazy_yiuf_cottage, uniq_eustachio
D:6:      layout_layer_cave, mainiacjoe_overflow_tiny_flanked, serial_shops,
          nicolae_shop_statue_plus, nicolae_shop_temple_entry_statues_fountains
D:7:      layout_rooms, kennysheep_mini, nicolae_overflow_crystal_walls,
          overflow_temple_1_default, minmay_temple_entry_antechambers,
          kennysheep_flooded_box
D:8:      layout_basic, nicolae_shop_vocational
D:9:      minmay_flawed_box, layout_basic, uniq_harold, uniq_amaemon
D:10:     layout_big_octagon
D:11:     layout_grid_maze, lair_entry_dummy, serial_shops,
          nicolae_shop_statue_plus, minivault_16, hangedman_ru_absence
Lair:1:   layout_long_grid, st_stairs_5, chequers_serial_rivers_large_b,
          nzn_masters_of_martial_movement

Skill      XL: |  1  2  3  4  5  6  7  8  9 10 11 |
---------------+----------------------------------+-----
Fighting       | 4 5 6 7 8 9 11 12 | 12.6
Axes           | 4 5 7 8 9 11 12 | 12.5
Armour         | 3 4 5 6 8 |  8.8
Dodging        | 3 4 5 6 7 8 |  8.3
Evocations     | 1 2 3 4 5 6 |  6.3

Action                   |  1- 3 |  4- 6 |  7- 9 | 10-12 || total
-------------------------+-------+-------+-------+-------++-------
Melee: Hand axe          |    76 |   143 |    19 |       ||   238
       Headbutt          |     6 |    16 |    48 |    50 ||   120
       Punch             |     1 |       |     1 |     5 ||     7
       War axe           |       |       |   284 |   265 ||   549
Invok: Berserk           |       |       |       |     3 ||     3
Evoke: Wand              |       |       |       |     7 ||     7
  Use: Scroll            |       |       |     8 |     2 ||    10
       Potion            |       |       |       |     1 ||     1
 Stab: Sleeping          |       |       |     1 |       ||     1
Armor: Plate armour      |    54 |   104 |   179 |   211 ||   548
Dodge: Dodged            |    13 |    51 |   123 |   183 ||   370
